 Dungeon Crawl Stone Soup version 0.29.1-15-g9cfb28693d (webtiles) character file.

Game seed: 6933107872922789691

15 Artool the Trooper (level 2, 0/24 HPs)
             Began as a Demonspawn Fighter on Apr 6, 2023.
             Slain by a hound (5 damage)
             ... on level 2 of the Dungeon.
             The game lasted 00:00:30 (954 turns).

Artool the Trooper (Demonspawn Fighter)              Turns: 954, Time: 00:00:31

Health: 0/24       AC:  6    Str: 16    XL:     2   Next: 34%
Magic:  2/2        EV:  8    Int:  9    God:
Gold:   34         SH:  4    Dex: 12    Spells: 1/1 levels left

rFire   . . .      SeeInvis .   a - +0 flail
rCold   . . .      Faith    .   c - +0 buckler
rNeg    . . .      Spirit   .   b - +0 scale mail
rPois   .          Reflect  .   (no helmet)
rElec   .          Harm     .   (no cloak)
rCorr   .          Rampage  .   (no gloves)
Will    .....                   (no boots)
Stlth   ..........              (no amulet)
HPRegen 0.08/turn               (no ring)
MPRegen 0.16/turn               (no ring)

@: no status effects
A: magic regeneration
a: no special abilities


You were on level 2 of the Dungeon.
You visited 1 branch of the dungeon, and saw 2 of its levels.

You collected 34 gold pieces.

Inventory:

Hand Weapons
 a - a +0 flail (weapon)
Armour
 b - a +0 scale mail (worn)
 c - a +0 buckler (worn)
Jewellery
 i - a +4 ring of slaying
Scrolls
 e - a scroll of vulnerability {unknown}
 f - a scroll of noise {unknown}
 g - a scroll of poison {unknown}
 h - a scroll of teleportation {unknown}
 j - a scroll of immolation {unknown}
Potions
 d - a potion of might
 k - a potion of haste {unknown}


   Skills:
 + Level 3.2 Fighting
 + Level 2.1 Maces & Flails
 + Level 2.9 Armour
 - Level 2.7 Shields


You had one spell level left.
You didn't know any spells.
Your spell library was empty.

Dungeon Overview and Level Annotations

Branches:
Dungeon (2/15)

Altars:


Innate Abilities, Weirdness & Mutations

You regenerate magic rapidly.


Message History

The hound is heavily wounded.
The hound barely misses you. x2
A hound is nearby!
You hit the hound but do no damage.
The hound is heavily wounded.
The hound bites you but does no damage. x2
A hound is nearby!
You closely miss the hound.
The hound is heavily wounded.
The hound bites you. x2
A hound is nearby!
You are too injured to fight recklessly!
A hound is nearby!
You are too injured to fight recklessly!
A hound is nearby!
You are too injured to fight recklessly!
A hound is nearby!
You barely miss the hound.
The hound is heavily wounded.
The hound completely misses you. The hound bites you but does no damage.
You closely miss the hound.
The hound is heavily wounded.
You block the hound's attack. The hound bites you.
* * * LOW HITPOINT WARNING * * *
You closely miss the hound.
The hound is heavily wounded.
The hound bites you but does no damage. You block the hound's attack.
You hit the hound but do no damage.
The hound is heavily wounded.
The hound bites you.
* * * LOW HITPOINT WARNING * * *
The hound barely misses you.
You closely miss the hound.
The hound is heavily wounded.
You block the hound's attack. The hound bites you.
* * * LOW HITPOINT WARNING * * *
You barely miss the hound.
The hound is heavily wounded.
The hound bites you.
You die...

........###.#######
..##(##†# #.# #.....#
#.###### . #.....#
#<##...# .. #.....#
####...####... ##.##.#
#........... #..#.#
#...........
####...#####........###
.........)......@....#
#######.#†...####h..##
#.####..# ...# #.# ##.#
...# #.# ... ...# #.#
##.#..?# #.# .#...# #.
#..?#


You could see a hound.

Vanquished Creatures
  A bat (D:1)
  2 endoplasms (D:1)
  A giant cockroach (D:1)
  3 goblins
  2 quokkas (D:1)
  A frilled lizard (D:1)
  3 rats
13 creatures vanquished.

Notes
Turn   | Place    | Note
-------+----------+-------------------------------------------
     0 | D:1      | Artool the Demonspawn Fighter began the quest for the Orb.
     0 | D:1      | Reached XP level 1. HP: 18/18 MP: 1/1
   362 | D:1      | Gained mutation: You regenerate magic rapidly. [demonic
                  | ancestry]
   362 | D:1      | Reached XP level 2. HP: 10/24 MP: 2/2
   954 | D:2      | Slain by a hound

Illustrated notes

Levels and vault maps discovered:
D:1:      grunt_arrival_crossed_arrows, layout_loops_cross
D:2:      layout_basic, dreamdust_ecumenical_altar_statues

Skill      XL: |  1 |
---------------+----+-----
Maces & Flails | 2 |  2.1
Fighting       | |  3.2
Armour         | |  2.9
Shields        | |  2.7

Action                   || total
-------------------------++-------
Melee: Flail             ||    53
Armor: Scale mail        ||    26
Dodge: Dodged            ||    28
Block: Buckler           ||    10
